 Dungeon Crawl Stone Soup version 0.29-a0-352-g0917bc69df (webtiles) character file.

Game seed: 16708581347471537875

28715 zazu2006 the Covert (level 13, -5/108 HPs)
             Began as a Naga Hedge Wizard on Apr 23, 2022.
             Was an Elder of Vehumet.
             Slain by a two-headed ogre
             ... wielding a +0 giant club
              (20 damage)
             ... on level 1 of the Orcish Mines on Apr 24, 2022.
             The game lasted 01:06:37 (24277 turns).

zazu2006 the Covert (Naga Hedge Wizard)            Turns: 24277, Time: 01:06:38

Health: -5/108     AC: 15    Str: 20    XL:     13   Next: 40%
Magic:  14/25      EV: 10    Int: 20    God:    Vehumet [****..]
Gold:   820        SH:  5    Dex: 12    Spells: 11/29 levels left

rFire   . . .      SeeInvis +   W - +9 war axe "Gyokuil" {vorpal, rC+ Int+3}
rCold   + + .      Faith    .   (no shield)
rNeg    . . .      Spirit   .   b - +1 ring mail {rC+}
rPois   +          Reflect  +   q - +0 helmet
rElec   .          Harm     .   L - +2 cloak
rCorr   +          Rampage  .   N - +0 pair of gloves
Will    +....                   (no barding)
Stlth   ++++......              e - amulet of reflection
HPRegen 0.28/turn               m - ring of resist corrosion
MPRegen 0.19/turn               c - +6 ring of strength

@: very slightly contaminated, very slow
A: AC +4, large, see invisible, deformed body, poison resistance, slowness 2,
spit poison 1, naga tail 2
a: Spit Poison, Renounce Religion


You were on level 1 of the Orcish Mines.
You worshipped Vehumet.
Vehumet was greatly pleased with you.
You visited 4 branches of the dungeon, and saw 16 of its levels.
You also visited: Sewer.

You collected 991 gold pieces.
You spent 171 gold pieces at shops.

Inventory:

Hand Weapons
 T - a +0 scimitar of flaming
 W - the +9 war axe "Gyokuil" (weapon) {vorpal, rC+ Int+3}
   (You found it on level 10 of the Dungeon)

   It inflicts extra damage upon your enemies.
   Int:       It affects your intelligence (+3).
   rC:        It protects you from cold.
Armour
 b - a +1 ring mail of cold resistance (worn)
 q - a +0 helmet (worn)
 L - a +2 cloak (worn)
 N - a +0 pair of gloves (worn)
 V - a +1 leather armour of cold resistance
 Y - a +1 ring mail of fire resistance
Jewellery
 c - a +6 ring of strength (right hand)
 e - an amulet of reflection (around neck)
 m - a ring of resist corrosion (left hand)
Wands
 P - a wand of acid (7)
 Q - a wand of mindburst (17)
 R - a wand of iceblast (5)
 U - a wand of paralysis (3)
Scrolls
 a - a scroll of summoning {unknown}
 i - 2 scrolls of amnesia {unknown}
 o - 3 scrolls of teleportation
 r - a scroll of vulnerability {unknown}
 x - 5 scrolls of fog {unknown}
 y - 5 scrolls of magic mapping {unknown}
 A - 3 scrolls of enchant armour {unknown}
 B - 2 scrolls of enchant weapon
 C - 2 scrolls of acquirement {unknown}
 D - 4 scrolls of noise {unknown}
 F - a scroll of blinking {unknown}
 J - a scroll of brand weapon {unknown}
 K - 3 scrolls of immolation {unknown}
 X - a scroll of silence {unknown}
Potions
 d - 6 potions of magic
 f - 5 potions of might
 g - 3 potions of cancellation
 h - 2 potions of haste {unknown}
 j - 2 potions of ambrosia
 k - 4 potions of heal wounds
 l - 5 potions of flight {unknown}
 n - 2 potions of invisibility
 p - 5 potions of attraction {unknown}
 t - 2 potions of mutation {unknown}
 z - 4 potions of resistance {unknown}
 G - a potion of brilliance {unknown}
 I - 3 potions of curing
 O - 2 potions of lignification {unknown}


   Skills:
 + Level 4.8 Fighting
 * Level 8.9 Axes
 - Level 4.4 Staves
 + Level 6.2 Armour
 + Level 4.2 Dodging
 + Level 12.1 Stealth
 + Level 3.3 Shields
 + Level 8.6 Spellcasting
 + Level 7.9 Conjurations
 + Level 1.0 Summonings
 + Level 1.2 Translocations
 + Level 4.7 Fire Magic
 + Level 4.0 Air Magic
 + Level 1.9 Earth Magic
 - Level 7.6 Poison Magic
 + Level 2.7 Evocations


You had 11 spell levels left.
You knew the following spells:

 Your Spells              Type           Power      Damage    Failure   Level
a - Magic Dart            Conj           100%       1d8       1%          1
b - Mephitic Cloud        Conj/Pois/Air  34%        N/A       1%          3
c - Conjure Flame         Conj/Fire      34%        6-21      1%          3
d - Blink                 Tloc           26%        N/A       12%         2
e - Sandblast             Erth           32%        2d9       1%          1
f - Stone Arrow           Conj/Erth      56%        3d10      1%          3
g - Fireball              Conj/Fire      17%        3d9       7%          5

Your spell library contained the following spells:

 Spells                   Type           Power      Damage    Failure   Level
 Dazzling Flash           Conj/Hex       48%        N/A       2%          3
 Spider Form              Tmut/Pois      24%        N/A       8%          3
 Call Imp                 Summ           12%        N/A       12%         2
 Slow                     Hex            32%        N/A       13%         1
 Ensorcelled Hibernation  Hex/Ice        16%        N/A       19%         2
 Anguish                  Hex/Necr       4%         N/A       77%         4
 Silence                  Hex/Air        8%         N/A       83%         5
 Summon Forest            Summ/Tloc      6%         N/A       91%         5
 Summon Mana Viper        Hex/Summ       10%        N/A       95%         5
 Agony                    Necr           8%         N/A       98%         5
 Summon Cactus Giant      Summ           6%         N/A       100%        6


Dungeon Overview and Level Annotations

Branches:
Dungeon (10/15)            Temple (1/1) D:5            Lair (3/6) D:9
 Shoals (0/4) Lair:3        Snake (0/4) Lair:3          Orc (2/2) D:10
  Sewer (visited)
    Elf: Orc:2

Altars:
Ashenzari
Cheibriados
Dithmenos
Elyvilon
Fedhas
Gozag
Hepliaklqana
Kikubaaqudgha
Makhleb
Nemelex Xobeh
Okawaru
Qazlal
Ru
Uskayaw
Vehumet
Wu Jian
Xom
Yredelemnul
Zin
The Shining One

Shops:
D:1 [   D:2 (=!=   D:5 [   Orc:2 [

Annotations:
D:7 2 transporters, pigah's ghost, journeyman OpAE
Lair:1 exclusion: oklob plant
Lair:2 1 runed translucent door, enile's ghost, journeyman FoFi


Innate Abilities, Weirdness & Mutations

Your serpentine skin is tough. (AC +4)
You have supernaturally acute eyesight. (SInv)
Armour fits poorly on your strangely shaped body.
Your system is resistant to poisons. (rPois)
You cover ground very slowly.
You can spit poison.
You can use your snake-like lower body to constrict enemies.


Message History

You don't know that spell.
The two-headed ogre attacks as you move away!
The two-headed ogre closely misses you. The two-headed ogre barely misses you.
Casting: Mephitic Cloud (safe; 1% risk of failure)
Confirm with . or Enter, or press ? or * to list all spells.
Aiming: Mephitic Cloud (safe; 1% risk of failure)
Press: ? - help, Shift-Dir - straight line, f/p - two-headed ogre
Aim: a two-headed ogre, wielding two +0 giant clubs (chance to affect: 53%)
The ball explodes into a vile cloud!
The stinking cloud engulfs the two-headed ogre but does no damage.
The stinking cloud engulfs the ogre but does no damage.
The stinking cloud engulfs you but does no damage.
You feel stable enough to blink again.
The ogre is engulfed in noxious fumes.
The ogre appears confused.
The ogre closely misses you.
The ogre hits itself with a +0 giant spiked club.
The two-headed ogre is engulfed in noxious fumes.
The two-headed ogre appears confused.
Unknown command.
Unknown command.
The two-headed ogre is engulfed in noxious fumes.
The two-headed ogre appears confused.
The two-headed ogre is engulfed in noxious fumes.
The two-headed ogre appears confused.
The ogre is engulfed in noxious fumes.
The ogre appears confused.
The two-headed ogre wonders, "What am I doing in here?"
The two-headed ogre hits you with a +0 giant club!!
* * * LOW HITPOINT WARNING * * *
The two-headed ogre hits you with a +0 giant club!
* * * LOW HITPOINT WARNING * * *
Casting: Mephitic Cloud (safe; 1% risk of failure)
Confirm with . or Enter, or press ? or * to list all spells.
You miscast Blink.
You are very lightly contaminated with residual magic.
Nothing appears to happen.
Casting: Blink (safe; 12% risk of failure)
Confirm with . or Enter, or press ? or * to list all spells.
You miscast Blink.
Nothing appears to happen.
The two-headed ogre hits you with a +0 giant club!!
You die...

##.#.##.>##........##
#..................# ###
##................## ##<##
##.#..#.#.......#####[)[#
##.............#...#)[..#
##................[.)...##
###.#.................[#.##
##......#................##
#........#...@..........##
##.##........O.......#...#
####......O°°°.........##
#####......°...........#
##.##...................#
#..............>........#
##..#.#................##
#...#................##
##.###...####.#.#...##


You could see a two-headed ogre (confused) and an ogre (confused).

Vanquished Creatures
  An ettin (D:10)
  A boulder beetle (D:9)
  2 two-headed ogres
  Erica (D:9)
  An orc high priest (Orc:1)
  A deep troll (Orc:2)
  An orc sorcerer (Orc:1)
  A cyclops (D:9)
  3 merfolk sirens (Lair:3)
  2 black mambas (Lair:1)
  Joseph (D:7)
  An unseen horror (D:10)
  5 cane toads
  4 komodo dragons
  3 trolls
  A merfolk (Lair:3)
  16 blink frogs
  A hornet (D:8)
  30 yaks
  A basilisk (Lair:2)
  A steam dragon (D:7)
  2 wargs
  Edmund (D:6)
  Duvessa (D:4)
  3 nagas (Lair:3)
  17 water moccasins
  5 ice beasts
  2 black bears (D:6)
  12 orc warriors
  Pargi (Sewer)
  2 sky beasts
  18 wolves
  10 ogres
  2 phantoms
  A centaur (D:9)
  5 kobold brigands
  7 bullfrogs
  A necrophage (D:6)
  6 scorpions
  2 gnoll sergeants (D:6)
  11 wights
  Dowan (D:4)
  2 electric eels (D:9)
  3 howler monkeys (D:8)
  7 hounds
  10 orc priests
  A jelly (D:6)
  Crazy Yiuf (D:6)
  Jessica (D:2)
  7 iguanas
  11 orc wizards
  Natasha (twice) (D:4)
  Ijyb (D:4)
  A hound skeleton (D:3)
  6 adders
  12 gnolls
  A howler monkey zombie (D:3)
  2 shadow imps (D:6)
  4 white imps
  An ufetubus (D:5)
  2 worms (D:3)
  A dart slug (D:2)
  58 orcs
  4 bats
  8 endoplasms
  7 giant cockroaches
  13 goblins
  5 hobgoblins
  3 jackals (D:3)
  10 quokkas
  12 ball pythons
  A ball python skeleton (D:3)
  A ball python zombie (D:3)
  6 frilled lizards
  A jackal skeleton (D:3)
  27 kobolds
  A quokka zombie (D:3)
  4 rats
425 creatures vanquished.

Vanquished Creatures (others)
  An electric eel (D:9)
  9 fungi
  33 plants
  A withered plant (D:3)
44 creatures vanquished.

Grand Total: 469 creatures vanquished

Notes
Turn   | Place    | Note
-------+----------+-------------------------------------------
     0 | D:1      | zazu2006 the Naga Hedge Wizard began the quest for the Orb.
     0 | D:1      | Reached XP level 1. HP: 15/15 MP: 4/4
   251 | D:1      | Reached XP level 2. HP: 22/22 MP: 1/6
   306 | D:1      | Found a faded altar of an unknown god.
   876 | D:1      | Found Anludoj's Antique Armour Shop.
  1032 | D:1      | Reached XP level 3. HP: 27/28 MP: 0/8
  1293 | D:2      | Found an iron altar of Okawaru.
  1401 | D:2      | Noticed Jessica
  1413 | D:2      | Killed Jessica
  1552 | D:2      | Reached XP level 4. HP: 36/36 MP: 6/10
  1582 | D:2      | Found Pit Yqoi's Jewellery Shoppe.
  2150 | D:2      | Found Fuejil's Distillery.
  2363 | D:2      | Found Kyddey's Jewellery Boutique.
  2426 | D:2      | Found Zustryonn's Weapon Boutique.
  2646 | D:3      | Reached XP level 5. HP: 18/42 MP: 0/12
  2746 | D:3      | Found a glowing drain.
  2770 | Sewer    | Entered a sewer
  2878 | Sewer    | Noticed Pargi
  2888 | Sewer    | Learned a level 3 spell: Mephitic Cloud
  2892 | Sewer    | Learned a level 3 spell: Conjure Flame
  2895 | Sewer    | Learned a level 2 spell: Blink
  2905 | Sewer    | Killed Pargi
  2906 | Sewer    | Reached skill level 1 in Poison Magic
  2906 | Sewer    | Reached XP level 6. HP: 41/50 MP: 9/13
  3138 | D:3      | Reached skill level 5 in Spellcasting
  4365 | D:4      | Noticed Ijyb
  4392 | D:4      | Killed Ijyb
  4393 | D:4      | Reached skill level 1 in Staves
  4393 | D:4      | Reached skill level 1 in Shields
  4571 | D:4      | Noticed Duvessa
  4573 | D:4      | Noticed Dowan
  4585 | D:4      | Killed Dowan
  4586 | D:4      | Reached skill level 1 in Fighting
  4597 | D:4      | Killed Duvessa
  4598 | D:4      | Reached XP level 7. HP: 23/57 MP: 5/15
  4829 | D:4      | Found a basalt altar of Yredelemnul.
  4869 | D:4      | Noticed Natasha
  4878 | D:4      | Killed Natasha
  5342 | D:4      | Noticed Natasha
  5353 | D:4      | Killed Natasha
  5354 | D:4      | Reached skill level 4 in Stealth
  5972 | D:5      | Entered Level 5 of the Dungeon
  5978 | D:5      | Reached XP level 8. HP: 64/64 MP: 12/16
  5999 | D:5      | Reached skill level 1 in Evocations
  6300 | D:5      | Found a staircase to the Ecumenical Temple.
  6306 | Temple   | Entered the Ecumenical Temple
  6482 | Temple   | Became a worshipper of Vehumet
  6775 | D:5      | Reached skill level 5 in Poison Magic
  7053 | D:5      | Found Untid's Antique Armour Emporium.
  7056 | D:5      | Bought a faintly glowing scale mail for 171 gold pieces
  7056 | D:5      | Identified the +6 scale mail "Gesupe" {+Blink Str+2 Int+3
                  | Dex+4} (You bought it in a shop on level 5 of the Dungeon)
  7248 | D:6      | Reached skill level 1 in Air Magic
  7493 | D:6      | Reached skill level 5 in Stealth
  7823 | D:6      | Reached skill level 1 in Fire Magic
  8051 | D:6      | Reached skill level 1 in Armour
  8161 | D:6      | Reached XP level 9. HP: 66/73 MP: 4/18
  9023 | D:6      | Reached skill level 6 in Stealth
  9200 | D:6      | Noticed Edmund
  9222 | D:6      | Killed Edmund
  9222 | D:6      | Reached * piety under Vehumet
  9222 | D:6      | Offered knowledge of Sandblast by Vehumet.
  9225 | D:6      | Learned a level 1 spell: Sandblast
  9464 | D:6      | Found a runed translucent door.
  9465 | D:6      | Noticed Crazy Yiuf
 10179 | D:6      | Killed Crazy Yiuf
 10681 | D:7      | Noticed Joseph
 10685 | D:7      | Found a transporter.
 10699 | D:7      | Found a transporter.
 10710 | D:7      | Reached XP level 10. HP: 40/80 MP: 8/20
 10712 | D:7      | Killed Joseph
 10713 | D:7      | Reached skill level 7 in Stealth
 10713 | D:7      | Reached skill level 5 in Conjurations
 10717 | D:7      | Noticed pigah's ghost (journeyman OpAE)
 12290 | D:8      | Offered knowledge of Static Discharge by Vehumet.
 12293 | D:8      | Reached ** piety under Vehumet
 14359 | D:9      | Noticed a boulder beetle
 14399 | D:9      | Offered knowledge of Scorch by Vehumet.
 14656 | D:9      | Noticed a two-headed ogre
 14663 | D:9      | Reached skill level 8 in Stealth
 14912 | D:9      | Noticed a cyclops
 14956 | D:9      | Reached XP level 11. HP: 36/88 MP: 20/22
 15214 | D:9      | Noticed Erica
 15226 | D:9      | Reached *** piety under Vehumet
 15239 | D:9      | Killed Erica
 15256 | D:9      | Reached skill level 5 in Armour
 15450 | D:9      | Killed a cyclops
 15598 | D:9      | Killed a two-headed ogre
 15599 | D:9      | Reached skill level 9 in Stealth
 15907 | D:9      | Found a staircase to the Lair.
 15910 | D:9      | Offered knowledge of Olgreb's Toxic Radiance by Vehumet.
 16096 | D:9      | Found a blossoming altar of Fedhas.
 16321 | D:10     | Entered Level 10 of the Dungeon
 16391 | D:10     | Noticed a two-headed ogre
 16419 | D:10     | Killed a two-headed ogre
 17104 | D:10     | Found a staircase to the Orcish Mines.
 17106 | D:10     | Identified the +9 war axe "Gyokuil" {vorpal, rC+ Int+3}
 17342 | D:10     | Reached **** piety under Vehumet
 17448 | D:10     | Reached skill level 1 in Axes
 17451 | D:10     | Reached skill level 10 in Stealth
 17461 | D:10     | Offered knowledge of Stone Arrow by Vehumet.
 17475 | D:10     | Learned a level 3 spell: Stone Arrow
 17842 | Orc:1    | Entered Level 1 of the Orcish Mines
 17848 | Orc:1    | Noticed an orc high priest
 18074 | Orc:1    | Noticed an orc sorcerer
 18168 | Lair:1   | Entered Level 1 of the Lair of Beasts
 18212 | Lair:1   | Reached XP level 12. HP: 88/99 MP: 24/24
 18463 | Lair:1   | Reached skill level 1 in Earth Magic
 19109 | Lair:1   | Reached skill level 5 in Axes
 19887 | Lair:2   | Reached skill level 11 in Stealth
 19895 | Lair:2   | Reached ***** piety under Vehumet
 19895 | Lair:2   | Offered knowledge of Fireball by Vehumet.
 19913 | Lair:1   | Learned a level 5 spell: Fireball
 20155 | Lair:2   | Found a runed translucent door.
 20181 | Lair:2   | Noticed enile's ghost (journeyman FoFi)
 20954 | Lair:2   | Gained mutation: You can use your snake-like lower body to
                  | constrict enemies. [Naga growth]
 20954 | Lair:2   | Reached XP level 13. HP: 102/108 MP: 25/25
 21355 | Lair:3   | Found a staircase to the Snake Pit.
 22204 | Lair:3   | Found a staircase to the Shoals.
 22731 | D:9      | Reached skill level 12 in Stealth
 22779 | Orc:1    | Noticed an ettin
 23058 | D:10     | Killed an ettin
 23424 | Orc:2    | Entered Level 2 of the Orcish Mines
 23802 | Orc:2    | Found Zegegu's Armour Emporium.
 24277 | Orc:1    | Slain by a two-headed ogre

Illustrated notes

Levels and vault maps discovered:
D:1:      minmay_arrival_shoal_huts, layout_loops_ring, serial_shops, shop,
          shapermc_ecumenical_altar_mp_urbaneastern
D:2:      layout_loops_corners, basic_altar, serial_shops,
          nicolae_lakefront_shop, nicolae_shop_stone, shop, shop, uniq_jessica
D:3:      layout_loops_cross, gup_sewer_entry_pipe, serial_undead,
          serial_undead_f, serial_undead_c, serial_undead_d, serial_undead_e,
          kennysheep_generic_room_14
D:4:      layout_basic, mainiacjoe_overflow_surrounded_room, serial_glass,
          glass_columns_a, glass_columns_c, minmay_strange_pillars,
          item_on_display_a, minmay_strange_pillars, minmay_strange_pillars,
          uniq_duvessa, uniq_natasha, uniq_ijyb
D:5:      layout_rooms, minmay_temple_entry_waves, serial_shops, kennysheep_mini
D:6:      minmay_razor_zed, layout_loops_ring, grunt_ministairs_12,
          uniq_crazy_yiuf_cottage, uniq_edmund
D:7:      layout_loops_ring, gammafunk_ghost_hive, uniq_joseph
D:8:      layout_cave_pods, lightli_corner_chamber
D:9:      layout_roguey, erik_lair_island, kennysheep_small_circle, uniq_erica
D:10:     layout_long_grid, david_orc_4
Temple:   mainiacjoe_temple_circle_huts
Lair:1:   layout_gridlike, minmay_lair_oklob_bushes,
          chequers_serial_rivers_micro_e, lemuel_fruit_tree, grunt_megastairs_2,
          lemuel_fruit_fields
Lair:2:   layout_loops_ring, ebering_ghost_reflecting_pool
Lair:3:   layout_roguey, elwin_shoals_entry_stream, guppyfry_snake_entry_island,
          infiniplex_staircase_pool_2
Orc:1:    layout_caves, serial_shops, shop
Orc:2:    st_orc_open, layout_diamond_mine

Skill      XL: |  1  2  3  4  5  6  7  8  9 10 11 12 13 |
---------------+----------------------------------------+-----
Spellcasting   | 4 5 6 7 8 |  8.6
Conjurations   | 2 3 4 5 6 7 |  7.9
Dodging        | 2 3 4 |  4.2
Poison Magic   | 1 2 3 5 6 7 |  7.6
Staves         | 1 2 3 4 |  4.4
Shields        | 1 2 3 |  3.3
Fighting       | 1 2 3 4 |  4.8
Stealth        | 4 5 6 8 10 11 12 | 12.1
Evocations     | 1 2 |  2.7
Air Magic      | 1 2 3 4 |  4.0
Fire Magic     | 1 3 4 |  4.7
Armour         | 1 3 4 5 6 |  6.2
Axes           | 3 7 8 |  8.9
Earth Magic    | 1 |  1.9
Summonings     | |  1.0
Translocations | |  1.2

Action                   |  1- 3 |  4- 6 |  7- 9 | 10-12 | 13-15 || total
-------------------------+-------+-------+-------+-------+-------++-------
Melee: Dagger            |     6 |       |       |       |       ||     6
       Staff             |       |   102 |   204 |   353 |       ||   659
       Punch             |       |     1 |     4 |    11 |     1 ||    17
       War axe           |       |       |       |   192 |    87 ||   279
       Constrict         |       |       |       |       |    15 ||    15
 Cast: Magic Dart        |    62 |   159 |   191 |   199 |       ||   611
       Mephitic Cloud    |       |     6 |    46 |   101 |    22 ||   175
       Sandblast         |       |       |     2 |     6 |       ||     8
       Conjure Flame     |       |       |     2 |     9 |     1 ||    12
       Blink             |       |       |       |     2 |     3 ||     5
       Stone Arrow       |       |       |       |    38 |    24 ||    62
 Abil: Spit Poison       |     8 |    31 |    53 |    56 |     5 ||   153
Evoke: Wand              |       |       |    24 |    39 |       ||    63
  Use: Scroll            |       |     4 |     3 |     3 |     1 ||    11
       Potion            |       |     1 |       |     1 |       ||     2
 Stab: Sleeping          |       |     1 |       |     3 |     3 ||     7
       Confused          |       |       |    24 |    63 |     6 ||    93
       Paralysed         |       |       |       |     2 |       ||     2
Armor: Robe              |     5 |    18 |     8 |       |       ||    31
       Ring mail         |       |       |    57 |   263 |    34 ||   354
Dodge: Dodged            |     7 |    64 |    86 |   286 |    43 ||   486
Block: Other             |     1 |    25 |    44 |   148 |    19 ||   237
       Reflection        |       |     2 |     2 |     1 |       ||     5

Table legend: (Time is in decaauts)
 A = Elapsed time spent in this place.
 B = Non-inter-level travel time spent in this place.
 C = Inter-level travel time spent in this place.
 D = Time resting spent in this place.
 E = Time spent auto-exploring this place.
 F = Levels seen in this place.
 G = Mean time per level.
                   A        B        C        D        E       F      G
               +--------+--------+--------+--------+--------+-----+--------+
         Total |  28629 |  27793 |    836 |   3798 |  18649 |  17 | 1684.1 |
       Dungeon |  21340 |  20658 |    682 |   2133 |  14343 |  10 | 2134.0 |
        Temple |    260 |    246 |     14 |      0 |    212 |   1 |  260.0 |
          Lair |   5476 |   5344 |    132 |    998 |   3623 |   3 | 1825.3 |
  Orcish Mines |   1197 |   1191 |      6 |    592 |    347 |   2 |  598.5 |
         Sewer |    353 |    353 |      0 |     75 |    122 |   1 |  353.0 |
               +--------+--------+--------+--------+--------+-----+--------+

Top non-repeatable levels by time:
     D:6: 3732 daAuts
     D:9: 2700 daAuts
    D:10: 2641 daAuts
  Lair:1: 2639 daAuts
     D:8: 2252 daAuts
     D:4: 2029 daAuts
     D:7: 1904 daAuts
     D:3: 1854 daAuts
     D:2: 1678 daAuts
  Lair:3: 1599 daAuts
     D:1: 1381 daAuts
  Lair:2: 1237 daAuts
     D:5: 1164 daAuts
   Orc:1: 796 daAuts
   Orc:2: 400 daAuts
